AoeStats
← Cruizinblind

Nomad

509716471Analyzed
4v4 RM · 5d ago on Sep 27, 2026· 27m 48s· 8 players
Game mode
Random Map
Map size
231×231
Population
200
Speed
Normal
Resources
Standard
Victory
Conquest
Starting age
Dark Age
Ending age
Imperial Age
RankedLock teamsTeams togetherTeam positionsShared explorationLock speedFull tech treeHidden civsTurbo modeCheats
Victory
Defeat
🇬🇧 Mongols · United Kingdom
883
+15
🇺🇸 Ethiopians · United States
880
+15
🇺🇸 Huns · United States
879
+15
🇨🇦 Varangians · Canada
857
+16
🇬🇧 Aztecs · United Kingdom
922
-56
🇷🇺 Cumans · Russia
835
-38
🇧🇬 Malians · Bulgaria
835
-38
🇷🇺 Goths · Russia
829
-14
Kopcap
14:53 Feudal Age
15:57 Man-at-Arms
17:35 Horse Collar
19:05 Double-Bit Axe
22:51 Forging
22:41 Scale Mail Armor
Isya
14:23 Feudal Age
15:17 Horse Collar
15:37 Double-Bit Axe
17:32 Man-at-Arms
26:29 Castle Age
25:22 Forging
27:53 Iron Casting
27:36 Long Swordsman
27:39 Pikeman
Тётя Чика
19:41 Feudal Age
20:37 Horse Collar
21:56 Double-Bit Axe
Cybertyank
4:41 Loom
17:31 Feudal Age
18:54 Wheelbarrow
18:12 Horse Collar
18:20 Double-Bit Axe
18:36 Man-at-Arms
Jan
6:50 Loom
16:28 Feudal Age
17:17 Fishing Lines
18:37 Wheelbarrow
18:32 Double-Bit Axe
18:34 Horse Collar
19:12 Bloodlines
20:08 Forging
20:05 Scale Barding Armor
22:54 Castle Age
23:31 Stone Mining
25:13 Elite Skirmisher
27:47 Husbandry
30:26 Imperial Age
HeroicShepherd
11:25 Loom
16:08 Feudal Age
19:45 Castle Age
19:29 Double-Bit Axe
19:31 Horse Collar
21:34 Bow Saw
21:27 Heavy Plow
23:07 Gold Mining
John
3:17 Loom
15:30 Feudal Age
17:37 Bloodlines
18:50 Scale Barding Armor
18:55 Forging
18:38 Double-Bit Axe
21:57 Man-at-Arms
25:17 Horse Collar
27:45 Castle Age
Cruizinblind
3:22 Loom
12:53 Feudal Age
21:02 Castle Age
19:46 Fletching
20:19 Double-Bit Axe
22:49 Bloodlines
23:11 Forging
24:43 Scale Barding Armor
25:22 Crossbowman
26:51 Padded Archer Armor
Connection lost

Rejoining the realm…

Still unreachable

The connection could not be restored.

Session expired

The server has moved on; the page needs a fresh start.